 Dungeon Crawl Stone Soup version 0.31-a0-854-g362426d53f (webtiles) character file.

Game seed: 15591075336222197453

3 Kurtz the Sneak (level 1, 0/21 HPs)
             Began as a Naga Delver on Oct 8, 2023.
             Slain by a gnoll
             ... wielding a +0 spear
              (8 damage)
             ... on level 2 of the Dungeon.
             The game lasted 00:00:43 (444 turns).

Kurtz the Sneak (Naga Delver)                        Turns: 444, Time: 00:00:43

Health: 0/21       AC:  1    Str: 14    XL:     1   Next: 50%
Magic:  1/1        EV:  9    Int: 10    God:
Gold:   0          SH:  0    Dex: 12    Spells: 0/0 levels left

rFire   . . .        a - +0 hand axe
rCold   . . .        (no shield)
rNeg    . . .        b - +0 leather armour
rPois   +            (no helmet)
rElec   .            (no cloak)
rCorr   .            (no gloves)
SInv    +            (no barding)
Will    .....        (no amulet)
Stlth   +++          (no ring)
HPRegen 0.23/turn    (no ring)
MPRegen 0.07/turn

%: no passive effects
@: very slow
A: AC +0, large, see invisible, deformed body, poison resistance, slowness 2,
spit poison 1, naga tail 1
a: Spit Poison


You were on level 2 of the Dungeon.
You visited 1 branch of the dungeon, and saw 4 of its levels.

Inventory:

Hand Weapons
 a - a +0 hand axe (weapon)
Armour
 b - a +0 leather armour (worn)
Wands
 g - a wand of digging (3)
Scrolls
 c - a scroll of fog
 d - a scroll of revelation
 e - a scroll of fear
 h - a scroll of enchant weapon {unknown}
 i - a scroll of amnesia {unknown}
Potions
 f - a potion of haste


   Skills:
 - Level 3.0 Fighting
 * Level 2.3 Axes
 - Level 1.5 Dodging
 - Level 7.2 Stealth


You couldn't memorise any spells.
You didn't know any spells.
Your spell library contained the following spells:

 Spells                   Type           Power      Damage    Failure   Level
 Ensorcelled Hibernation  Hex/Ice        0%         N/A       58%         2
 Jinxbite                 Hex            0%         N/A       58%         2
 Anguish                  Hex/Necr       0%         N/A       99%         4


Dungeon Overview and Level Annotations

Branches:
Dungeon (5/15)
 Temple: D:4-7

Altars:
Okawaru

Shops:
D:5 (

Annotations:
D:5 exclusion: zombie


Innate Abilities, Weirdness & Mutations

Your serpentine skin is tough. (AC +0)
You have supernaturally acute eyesight. (SInv)
Armour fits poorly on your strangely shaped body.
Your system is resistant to poisons. (rPois)
You cover ground very slowly.
You can spit poison.
You have a snake-like lower body.


Message History

* * * LOW HITPOINT WARNING * * *
Unknown command.
Unknown command.
You barely miss the worm.
The worm is severely wounded.
The worm barely misses you.
Unknown command.
You hit the worm.
The worm is almost dead.
You barely miss the worm.
The worm is almost dead.
You have got your breath back.
The worm closely misses you.
Unknown command.
Aiming: Spit Poison (3% risk of failure)
Press: ? - help, Shift-Dir - straight line, f/p - worm
Aim: a worm (severely wounded, 84% to hit)
The splash of poison hits the worm!
The worm is poisoned.
You kill the worm!
Unknown command.
You start resting.
You have got your breath back.
You start resting.
HP restored. 2 gnolls come into view.
The gnoll shouts!
There are monsters nearby!
Aiming: Spit Poison (3% risk of failure)
Press: ? - help, Shift-Dir - straight line, f - gnoll
Aim: a gnoll, wielding a +0 spear (59% to hit)
The splash of poison hits the gnoll.
The gnoll is poisoned.
The gnoll is moderately wounded.
Unknown command.
Okay, then.
The gnoll hits you from afar with a +0 spear.
The gnoll hits you from afar with a +0 spear!
You have got your breath back.
The gnoll looks more healthy.
The gnoll attacks as it pursues you!
The gnoll hits you from afar with a +0 spear!
You die...

#g# #.#
#g####
#....#
####g#
#####.####
#...g....##
#.#.......+
#...@..#.##
##...>....#
#.........#
##........#
##.....###
##...##
##.## #.#
#..


You could see 2 gnolls.

Vanquished Creatures
  A worm (D:2)
1 creature vanquished.

Notes
Turn   | Place    | Note
-------+----------+-------------------------------------------
     0 | D:5      | Kurtz the Naga Delver began the quest for the Orb.
     0 | D:5      | Reached XP level 1. HP: 21/21 MP: 1/1
     2 | D:5      | Found Haihoucw's Hydra Hut.
     3 | D:5      | Noticed an eight-headed hydra
    31 | D:5      | Noticed a water moccasin zombie
   321 | D:3      | Found an iron altar of Okawaru.
   444 | D:2      | Slain by a gnoll

Illustrated notes

Levels and vault maps discovered:
D:2:      layout_loops_corners, minmay_misc_feat_plants
D:3:      layout_loops_ring, mainiacjoe_overflow_boulevard, uniq_ijyb
D:4:      layout_gridville, nicolae_gozag_seed_capital
D:5:      layout_basic, serial_undead, serial_undead_e, serial_undead_f,
          serial_undead_a, serial_undead_c, doesnt_shop_hydraphobe

Action                     || total
---------------------------++-------
  Melee: Hand axe          ||    11
Ability: Spit Poison       ||     4
   Stab: Sleeping          ||     1
 Armour: Leather armour    ||     7
  Dodge: Dodged            ||     5

Table legend: (Time is in decaauts)
 A = Elapsed time spent in this place.
 B = Non-inter-level travel time spent in this place.
 C = Inter-level travel time spent in this place.
 D = Time resting spent in this place.
 E = Time spent auto-exploring this place.
 F = Levels seen in this place.
 G = Mean time per level.
                   A        B        C        D        E       F      G
               +--------+--------+--------+--------+--------+-----+--------+
         Total |    583 |    565 |     18 |     74 |    405 |   4 |  145.8 |
       Dungeon |    583 |    565 |     18 |     74 |    405 |   4 |  145.8 |
               +--------+--------+--------+--------+--------+-----+--------+

Top non-repeatable levels by time:
     D:5: 251 daAuts
     D:3: 139 daAuts
     D:2: 129 daAuts
     D:4: 62 daAuts
